 Dungeon Crawl Stone Soup version 0.28.0 (webtiles) character file.

Game seed: 8801307325042307895

98 comborobin the Insei (level 5, -2/57 HPs)
             Began as a Djinni Warper on Feb 15, 2022.
             Slain by an ogre (11 damage)
             ... on level 3 of the Dungeon.
             The game lasted 00:04:21 (3262 turns).

comborobin the Insei (Djinni Warper)                Turns: 3262, Time: 00:04:23

Health: -2/57      AC: 22    Str: 10    XL:     5   Next: 1%
Gold:   92         EV: -1    Int: 17    God:
                   SH:  0    Dex: 12

rFire   . . .      SeeInvis .     - Unarmed
rCold   . . .      Faith    .   (no shield)
rNeg    . . .      Spirit   .   (armour currently unavailable)
rPois   ∞          Reflect  .   (helmet currently unavailable)
rElec   .          Harm     .   (cloak currently unavailable)
rCorr   .          Rampage  .   (gloves currently unavailable)
Will    .....      NoTele   +   (boots unavailable)
Stlth   +.........              (no amulet)
HPRegen 0.19/turn               (no ring)
MPRegen 0.00/turn               (no ring)

@: tree-form, constricted, unable to read
A: stationary, stasis, torment immunity, boosted hp, sickness immunity, (fire
resistance 2), (cold vulnerability 1), float, innate caster, HP casting, extra
vitality 1, inability to read while threatened
a: no special abilities


You were on level 3 of the Dungeon.
You were a tree.
You visited 1 branch of the dungeon, and saw 3 of its levels.

You collected 92 gold pieces.

Inventory:

Hand Weapons
 i - a +2 short sword of speed
Armour
 a - a +0 leather armour (melded)
 d - an orb of energy
 f - a +0 helmet (melded)
 j - a +0 pair of gloves (melded)
Scrolls
 b - 2 scrolls of blinking
 e - a scroll of teleportation
 h - a scroll of silence {unknown}


   Skills:
 - Level 2.0 Fighting
 - Level 0.7 Throwing
 - Level 1.0 Armour
 - Level 2.1 Dodging
 + Level 4.7 Unarmed Combat
 - Level 2.4 Spellcasting


You couldn't memorise any spells.
You knew the following spells:

 Your Spells              Type           Power      Damage    Failure   Level
b - Blink                 Tloc           20%        N/A       11%         2
d - Teleport Other        Tloc           10%        N/A       21%         3
n - Lesser Beckoning      Tloc           10%        N/A       21%         3
A - Apportation           Tloc           20%        N/A       7%          1
E - Ensorcelled Hibernat  Hex/Ice        20%        N/A       11%         2
G - Gell's Gravitas       Tloc           10%        N/A       21%         3
M - Manifold Assault      Tloc           10%        N/A       88%         5
Your spell library was empty.

Dungeon Overview and Level Annotations

Branches:
Dungeon (3/15)

Altars:

Annotations:
D:3 exclusion: ogre, Sigmund


Innate Abilities, Weirdness & Mutations

You are a tree.
Your roots penetrate the ground, keeping you stationary.
You cannot be teleported.
You are immune to unholy pain and torment.
Your maximum health is greatly increased.
Your equipment is partially melded.
You are immune to sickness and miasma.
You are immune to poison.
((Your flesh is very heat resistant. (rF++)))
((You are vulnerable to cold. (rC-)))
You float through the air rather than walking.
You learn spells naturally, not from books.
Your magical power is your life essence.
You have superior vitality. (+4 MHP)
You sometimes lose the ability to read scrolls when taking damage.


Message History

The boomerang of dispersal hits the ball python but does no damage.
The ball python misses you. The ball python grabs you.
The ball python constricts you.
The ball python bites you but does no damage.
The ball python constricts you.
Unknown command.
Throw: 2 boomerangs (disperse)
Press: ? - help, Q - select action, (/) - cycle Shift-Dir - straight line, f/p - ball python
Aim: a ball python (constricting you, 53% to hit)
You throw a boomerang of dispersal.
The boomerang of dispersal hits the ball python.
The ball python blinks!
The ball python loses its grip on you.
The ball python is severely wounded.
Unknown command.
Throw: boomerang (disperse)
Press: ? - help, Q - select action, (/) - cycle Shift-Dir - straight line, f/p - ball python
Aim: a ball python (severely wounded, 53% to hit)
You throw a boomerang of dispersal.
The boomerang of dispersal hits the ball python but does no damage.
The ball python is severely wounded.
The ogre hits you with a +0 giant club!
You feel threatened and lose the ability to read scrolls!
* * * LOW HITPOINT WARNING * * *
Unknown command.
Okay, then.
You hit the ogre. You punch the ogre.
The ogre is moderately wounded.
The ogre barely misses you.
The ball python bites you but does no damage.
The ball python grabs you. The ball python constricts you.
You cannot read scrolls in your current state!
Unknown command.
It was a potion of lignification.
You turn into a tree.
Your +0 helmet melds into your body.
Your +0 pair of gloves melds into your body.
Your +0 leather armour melds into your body.
Your roots penetrate the ground.
The ball python bites you but does no damage.
The ball python constricts you. The ogre hits you with a +0 giant club!
You die...

############ #..........#
#.########.#
##.########.###########
#..............S♣O....#
#..########.#########.## #..#
####...#######...##### #..#
#.......##............. †..#
#.##.(..##.##....#..##. ##.#
#.###.#.##.##.#.###.#
#.####.###.#.##............
##..........#.##..#.#......$#
..#####.#####.##..#.#####.##.


You could see an ogre and a ball python.

Vanquished Creatures
  3 adders (D:2)
  A worm (D:2)
  2 dart slugs
  6 bats
  6 endoplasms
  A giant cockroach (D:1)
  2 goblins (D:1)
  6 hobgoblins (D:1)
  9 jackals
  7 kobolds
  4 quokkas
  3 ball pythons
  5 frilled lizards
  3 rats
58 creatures vanquished.

Notes
Turn   | Place    | Note
-------+----------+-------------------------------------------
     0 | D:1      | comborobin the Djinni Warper began the quest for the Orb.
     0 | D:1      | Reached XP level 1. HP: 18/18 MP: 0/0
   206 | D:1      | Reached XP level 2. HP: 11/23 MP: 0/0
   484 | D:1      | Reached skill level 3 in Unarmed Combat
   852 | D:1      | Reached XP level 3. HP: 25/28 MP: 0/0
   852 | D:1      | Learned a level 1 spell: Apportation
  1544 | D:2      | Reached skill level 4 in Unarmed Combat
  1544 | D:2      | Reached XP level 4. HP: 28/33 MP: 0/0
  2595 | D:2      | Found a faded altar of an unknown god.
  2730 | D:2      | Gained mutation: You sometimes lose the ability to read
                  | scrolls when taking damage. [potion of mutation]
  2951 | D:3      | Reached XP level 5. HP: 34/38 MP: 0/0
  2951 | D:3      | Learned a level 2 spell: Ensorcelled Hibernation
  2989 | D:3      | Noticed Sigmund
  3134 | D:3      | Noticed an ogre
  3243 | D:3      | Noticed an ogre
  3262 | D:3      | Slain by an ogre

Illustrated notes

Levels and vault maps discovered:
D:1:      amcnicky_arrival_feature_with_door, layout_rooms, minmay_unequal
D:2:      layout_rooms, shapermc_ecumenical_altar_mp_highgroup
D:3:      layout_loops_ring, kennysheep_generic_room_9, uniq_sigmund

Skill      XL: |  1  2  3 |
---------------+----------+-----
Unarmed Combat | 3 4 |  4.7
Fighting       | |  2.0
Throwing       | |  0.7
Armour         | |  1.0
Dodging        | |  2.1
Spellcasting   | |  2.4

Action                   |  1- 3 |  4- 6 || total
-------------------------+-------+-------++-------
Melee: Unarmed           |   148 |    78 ||   226
       Punch             |     6 |     2 ||     8
Throw: Boomerang         |     2 |     3 ||     5
 Cast: Ensorcelled Hiber |       |     4 ||     4
  Use: Potion            |     2 |     2 ||     4
       Scroll            |       |     2 ||     2
Armor: Leather armour    |    41 |    27 ||    68
       Skin              |       |     1 ||     1
Dodge: Dodged            |    84 |    42 ||   126
